 Dungeon Crawl Stone Soup version 0.28.0-53-g5a82cb258f (webtiles) character file.

Game seed: 17531919805061301513

520 Zeld the Magician (level 7, -5/36 HPs)
             Began as a Deep Elf Conjurer on May 24, 2022.
             Was an Initiate of Vehumet.
             Slain by an ice beast (13 damage)
             ... on level 4 of the Dungeon.
             The game lasted 00:04:15 (4679 turns).

Zeld the Magician (Deep Elf Conjurer)               Turns: 4679, Time: 00:04:16

Health: -5/36      AC:  3    Str:  4    XL:     7   Next: 1%
Magic:  7/19       EV: 12    Int: 25    God:    Vehumet [......]
Gold:   130        SH:  0    Dex: 13    Spells: 9/20 levels left

rFire   . . .      SeeInvis .   (no weapon)
rCold   . . .      Faith    .   (no shield)
rNeg    . . .      Spirit   .   a - +0 robe
rPois   .          Reflect  .   m - +0 helmet
rElec   .          Harm     .   (no cloak)
rCorr   .          Rampage  .   (no gloves)
Will    .....                   (no boots)
Stlth   ++........              (no amulet)
HPRegen 0.12/turn               (no ring)
MPRegen 0.16/turn               (no ring)

@: no status effects
A: no striking features
a: Renounce Religion


You were on level 4 of the Dungeon.
You worshipped Vehumet.
Vehumet was noncommittal.
You visited 1 branch of the dungeon, and saw 5 of its levels.

You collected 130 gold pieces.

Inventory:

Armour
 a - a +0 robe (worn)
 m - a +0 helmet (worn)
Jewellery
 c - a ring of protection from cold
Wands
 l - a wand of mindburst (23)
Scrolls
 b - 6 scrolls of identify {unknown}
 d - 2 scrolls of teleportation {unknown}
 e - 2 scrolls of vulnerability {unknown}
 f - a scroll of magic mapping {unknown}
 j - a scroll of fog {unknown}
 q - a scroll of summoning {unknown}
Potions
 g - a potion of lignification {unknown}
 h - 2 potions of mutation {unknown}
 i - 3 potions of heal wounds {unknown}
 k - a potion of brilliance {unknown}
 n - a potion of flight {unknown}
 o - a potion of curing {unknown}
 p - a potion of invisibility {unknown}
 r - a potion of degeneration {unknown}


   Skills:
 - Level 2.4 Dodging
 - Level 2.4 Stealth
 * Level 7.0 Spellcasting
 * Level 6.9 Conjurations
 - Level 2.0 Hexes
 - Level 2.0 Translocations


You had 9 spell levels left.
You knew the following spells:

 Your Spells              Type           Power      Damage    Failure   Level
a - Magic Dart            Conj           100%       1d8       1%          1
b - Searing Ray           Conj           86%        2d7       1%          2
c - Fulminant Prism       Conj/Hex       15%        3d11      11%         4
d - Iskenderun's Mystic   Conj/Tloc      31%        2d8       11%         4

Your spell library contained the following spells:

 Spells                   Type           Power      Damage    Failure   Level
 Dazzling Flash           Conj/Hex       62%        N/A       3%          3


Dungeon Overview and Level Annotations

Branches:
Dungeon (5/15)
 Temple: D:4-7

Altars:
Vehumet
The Shining One

Annotations:
D:3 2 transporters
D:5 Menkaure


Message History

Press: ? - help, Shift-Dir - straight line, f - ogre
Aim: an ogre, wielding a +0 giant club (91% to hit)
The searing ray hits the ogre!
The ogre is moderately wounded. (Press . to maintain the ray.)
A goblin comes into view. It is wielding a +0 club.
The searing ray hits the ogre!
The ogre is heavily wounded.
The ogre hits you with a +0 giant club!!
Ouch! That really hurt!
* * * LOW HITPOINT WARNING * * *
The searing ray hits the ogre.
The ogre is severely wounded.
The ogre barely misses you.
Unknown command.
The searing ray hits the ogre!
The ogre is almost dead.
You finish channelling your searing ray.
The ogre closely misses you.
Unknown command.
The goblin throws a stone.
The stone barely misses you.
The goblin throws a stone.
The stone barely misses you.
There is a stone staircase leading down here.
The goblin throws a stone.
The stone closely misses you.
Found 18 gold pieces.
A quokka skeleton comes into view.
Found 9 gold pieces.
The goblin throws a stone.
The stone barely misses you. The quokka skeleton barely misses you.
The ice beast barely misses you.
Found a radiant altar of Vehumet.
Found 12 gold pieces.
The ice beast closely misses you.
The quokka skeleton bites you but does no damage.
There is a radiant altar of Vehumet here.
You kneel at the altar of Vehumet.
Vehumet welcomes you! The ice beast hits you.
* * * LOW HITPOINT WARNING * * *
The ice beast freezes you!
You die...

#.........# #....
#.........# #....
+.........### ##...
#####............ ####
#................ # #
...#...#..#.... # ...
##O###O# . #
#...#.YZ#..# ###
#....@g...# #..
.....#...#..##### #..
###.###.###.....# #..
#..#...#......# #..
###.........#...### #..
...................#
#..
..............g.$...#
#..
.....................#
#..
......................#
###


You could see an ice beast, an ogre, a goblin and a quokka skeleton.

Vanquished Creatures
  A black bear (D:5)
  A bullfrog skeleton (D:5)
  2 orc priests
  Jessica (D:2)
  4 iguanas
  Terence (D:3)
  A hound zombie (D:5)
  3 hound skeletons (D:5)
  Robin (D:2)
  5 adders
  A howler monkey skeleton (D:4)
  3 worms (D:2)
  5 orcs
  A ball python (D:3)
  5 bats
  4 endoplasms
  14 goblins
  7 hobgoblins
  2 jackals (D:2)
  5 kobolds
  2 quokkas
  A frilled lizard (D:1)
  5 rats
75 creatures vanquished.

Vanquished Creatures (others)
  5 withered plants (D:5)
5 creatures vanquished.

Grand Total: 80 creatures vanquished

Notes
Turn   | Place    | Note
-------+----------+-------------------------------------------
     0 | D:1      | Zeld the Deep Elf Conjurer began the quest for the Orb.
     0 | D:1      | Reached XP level 1. HP: 10/10 MP: 6/6
   648 | D:1      | Reached XP level 2. HP: 15/15 MP: 2/8
   849 | D:1      | You fall into a shaft and drop 1 floor!
   966 | D:2      | Reached skill level 1 in Hexes
   971 | D:2      | Learned a level 2 spell: Searing Ray
  1160 | D:2      | Noticed Jessica
  1162 | D:2      | Killed Jessica
  1163 | D:2      | Reached skill level 4 in Spellcasting
  1163 | D:2      | Reached skill level 1 in Translocations
  1163 | D:2      | Reached XP level 3. HP: 19/19 MP: 6/10
  1274 | D:2      | Noticed Robin
  1315 | D:2      | Reached skill level 5 in Conjurations
  1713 | D:2      | Killed Robin
  1714 | D:2      | Reached XP level 4. HP: 20/24 MP: 2/12
  1719 | D:2      | Learned a level 4 spell: Fulminant Prism
  1724 | D:2      | Learned a level 4 spell: Iskenderun's Mystic Blast
  2336 | D:3      | Found a transporter.
  2443 | D:3      | Noticed Terence
  2449 | D:3      | Killed Terence
  2450 | D:3      | Reached XP level 5. HP: 17/28 MP: 8/14
  2530 | D:3      | Reached skill level 5 in Spellcasting
  2955 | D:3      | Found a transporter.
  3535 | D:3      | Found a glowing golden altar of the Shining One.
  3653 | D:3      | Found a faded altar of an unknown god.
  4072 | D:4      | Reached XP level 6. HP: 32/32 MP: 10/16
  4194 | D:5      | Entered Level 5 of the Dungeon
  4212 | D:5      | Reached skill level 6 in Spellcasting
  4239 | D:5      | Noticed Menkaure
  4629 | D:5      | Reached skill level 7 in Spellcasting
  4629 | D:5      | Reached XP level 7. HP: 30/36 MP: 9/19
  4669 | D:4      | Found a radiant altar of Vehumet.
  4679 | D:4      | Became a worshipper of Vehumet
  4679 | D:4      | Slain by an ice beast

Illustrated notes

Levels and vault maps discovered:
D:1:      nagdon_arrival_double_spiral, layout_basic, kennysheep_crisscross,
          minmay_tripent
D:2:      layout_basic, uniq_jessica, uniq_robin
D:3:      gammafunk_wand_slinger, layout_loops_ring,
          mainiacjoe_overflow_alcove_1,
          shapermc_ecumenical_altar_mp_ritualfount, uniq_terence
D:4:      layout_basic, vehumet_crystals, minitemple, kennysheep_generic_room_7
D:5:      layout_loops_cross, overflow_temple_1_default, serial_undead,
          serial_undead_f, serial_undead_c, serial_undead_f, serial_undead_b,
          serial_undead_e, serial_undead_f, uniq_menkaure

Skill      XL: |  1  2  3  4  5  6 |
---------------+-------------------+-----
Hexes          | 1 2 |  2.0
Spellcasting   | 4 5 7 |  7.0
Translocations | 1 2 |  2.0
Conjurations   | 5 6 |  6.9
Dodging        | |  2.4
Stealth        | |  2.4

Action                   |  1- 3 |  4- 6 |  7- 9 || total
-------------------------+-------+-------+-------++-------
Melee: Unarmed           |     5 |     4 |     2 ||    11
 Cast: Magic Dart        |    44 |     6 |       ||    50
       Searing Ray       |     5 |    36 |     2 ||    43
Armor: Robe              |     3 |    14 |     1 ||    18
Dodge: Dodged            |    11 |    26 |     9 ||    46
